 Dungeon Crawl Stone Soup version 0.19-a0-975-gfff5315 (webtiles) character file.

86 mopl the Charmwright (level 4, 0/25 HPs)
             Began as a Deep Elf Skald on July 13, 2016.
             Killed from afar by an orc wizard (13 damage)
             ... with a puff of flame
             ... on level 3 of the Dungeon.
             The game lasted 00:04:01 (1648 turns).

mopl the Charmwright (Deep Elf Skald)               Turns: 1648, Time: 00:04:02

Health: 0/25       AC:  5    Str: 10    XL:     4   Next: 27%
Magic:  0/10       EV: 12    Int: 17    God:
Gold:   115        SH:  0    Dex: 14    Spells: 4 memorised, 1 level left

rFire  . . .     SeeInvis .     a - +0 short sword
rCold  . . .     Gourm    .     b - +0 leather armour
rNeg   . . .     Faith    .     (no shield)
rPois  .         Spirit   .     (no helmet)
rElec  .         Dismiss  .     (no cloak)
rCorr  .         Reflect  .     g - +1 pair of gloves
SustAt .         Harm     .     (no boots)
MR     .....                    (no amulet)
Stlth  ++........               (no ring)
                                i - +1 ring of evasion

@: infused, not resistant to hostile enchantments, unstealthy
A: no striking features
a: no special abilities


You were on level 3 of the Dungeon.
You were hungry.

You visited 1 branch of the dungeon, and saw 3 of its levels.

You collected 115 gold pieces.

Inventory:

Hand Weapons
 a - a +0 short sword (weapon)
Armour
 b - a +0 leather armour (worn)
 f - a +0 ring mail
 g - a +1 pair of gloves (worn)
Jewellery
 i - a +1 ring of evasion (left hand)
Scrolls
 e - a scroll of enchant armour {unknown}
 j - a scroll of teleportation {unknown}
 n - 3 scrolls of remove curse {unknown}
 o - a scroll of immolation {unknown}
 q - 3 scrolls of identify {unknown}
 t - a scroll of magic mapping {unknown}
Potions
 k - 2 potions of flight {unknown}
 m - a potion of magic {unknown}
 p - a potion of heal wounds {unknown}
 r - a potion of haste {unknown}
 u - a potion of curing {unknown}
Books
 c - a book of Battle

   Spells                             Type                      Level
   a - Infusion                       Charms                       1
   b - Shroud of Golubria             Charms/Translocation         2
   c - Song of Slaying                Charms                       2
   d - Spectral Weapon                Hexes/Charms                 3
   e - Regeneration                   Charms/Necromancy            3
Comestibles
 d - a bread ration
 h - a beef jerky
 l - a meat ration


   Skills:
 - Level 1.5 Fighting
 * Level 3.3 Short Blades
 - Level 0.7 Armour
 - Level 1.2 Dodging
 - Level 2.3 Stealth
 + Level 3.1 Spellcasting
 + Level 5.4 Charms


You had one spell level left.
You knew the following spells:

 Your Spells              Type           Power        Failure   Level  Hunger
a - Infusion              Chrm           ###.         2%          1    None
b - Spectral Weapon       Hex/Chrm       ##......     24%         3    ###....
f - Shroud of Golubria    Chrm/Tloc      ##........   12%         2    ##.....
s - Song of Slaying       Chrm           ###.....     4%          2    ##.....


Dungeon Overview and Level Annotations

Branches:
Dungeon (3/15)

Altars:


Message History

The orc is severely wounded.
The orc barely misses you.
The orc wizard gestures wildly while chanting.
The orc wizard seems to speed up.
You hit the orc!
You kill the orc!
The orc wizard misses you.
You hit the orc wizard but do no damage.
The orc wizard closely misses you.
You closely miss the orc wizard.
The orc wizard hits you but does no damage.
You hit the orc wizard but do no damage.
The orc wizard casts a spell at you. The magic dart hits you!
The orc wizard looks braver for a moment.
You barely miss the orc wizard.
The orc wizard gestures at you while chanting.
The puff of flame hits you!
Ouch! That really hurt!
You die...

#####.#######..##
#..............#
#.###.########.# #
#.# #+## .###.###.#
#...# .........#
#>.... ####.##.##
#......
##.....####r......
...........@oo......
###.#.....###.......
#.#......# #......
##...#...# #.....
##.###### #...# #.
#+## #


You could see an orc wizard, an orc and a rat.

Vanquished Creatures
  2 adders (D:2)
  An ooze (D:1)
  2 worms
  5 dart slugs
  An orc (D:3)
  4 giant cockroaches
  10 goblins
  5 hobgoblins
  2 quokkas
  4 bats
  2 giant newts
  2 kobolds (D:1)
  4 rats
44 creatures vanquished.

Notes
Turn   | Place    | Note
-------+----------+-------------------------------------------
     0 | D:1      | mopl the Deep Elf Skald began the quest for the Orb.
     0 | D:1      | Reached XP level 1. HP: 12/12 MP: 6/6
   204 | D:1      | Reached XP level 2. HP: 16/16 MP: 2/8
   210 | D:1      | Reached skill level 1 in Stealth
   224 | D:1      | Learned a level 2 spell: Song of Slaying
   227 | D:1      | Learned a level 2 spell: Shroud of Golubria
   564 | D:2      | Reached XP level 3. HP: 20/20 MP: 6/9
   566 | D:2      | Reached skill level 5 in Charms
   707 | D:2      | Reached skill level 3 in Short Blades
   734 | D:2      | Reached skill level 2 in Stealth
  1041 | D:2      | Reached XP level 4. HP: 10/25 MP: 3/10
  1066 | D:2      | Learned a level 3 spell: Spectral Weapon
  1648 | D:3      | Killed from afar by an orc wizard

Vault maps used:
D:1:      nicolae_arrival_somewhat_less_tricky_arrival, serial_corexii_hall,
          corexii_hall_statues_l, corexii_hall_statues_i
D:3:      minmay_misc_feat_cross

Skill      XL: |  1  2  3 |
---------------+----------+-----
Stealth        | 1 2 |  2.3
Charms         | 5 |  5.4
Short Blades   | 3 |  3.3
Fighting       | |  1.5
Armour         | |  0.7
Dodging        | |  1.2
Spellcasting   | |  3.1

Action                   |  1- 3 |  4- 6 || total
-------------------------+-------+-------++-------
Melee: Short sword       |   106 |    38 ||   144
 Cast: Infusion          |     9 |     5 ||    14
       Shroud of Golubri |     1 |     2 ||     3
 Stab: Sleeping          |     3 |     1 ||     4
  Eat: Chunk             |     1 |     1 ||     2
Armor: Leather armour    |    25 |     9 ||    34
Dodge: Dodged            |    49 |    16 ||    65
